 Dungeon Crawl Stone Soup version 0.27-a0-412-g8dd771eca2 (webtiles) character file.

Game seed: 6190487348128046174

216 Ankhboy the Bolt Thrower (level 6, 0/41 HPs)
             Began as a Halfling Hunter on Feb 24, 2021.
             Was a Follower of Wu Jian.
             Succumbed to a worker ant's poison
             ... on level 3 of the Dungeon.
             The game lasted 00:38:56 (3273 turns).

Ankhboy the Bolt Thrower (Halfling Hunter)          Turns: 3273, Time: 00:38:57

Health: 0/41       AC:  4    Str: 13    XL:     6   Next: 16%
Magic:  15/15      EV: 19    Int:  9    God:    Wu Jian [*.....]
Gold:   120        SH:  0    Dex: 17    Spells: 5/5 levels left

rFire    . . .     SeeInvis .   b - +0 short sword
rCold    . . .     Faith    .   (shield restricted)
rNeg     . . .     Spirit   .   c - +1 leather armour
rPois    .         Reflect  .   (no helmet)
rElec    .         Harm     .   (no cloak)
rCorr    .         Rampage  .   (no gloves)
Will     .....                  (no boots)
Stlth    ++........             (no amulet)
HPRegen  0.13/turn              f - ring of magical power
MPRegen  0.14/turn              k - +4 ring of evasion

@: lethally poisoned (0 -> -6), flying
A: small, mutation resistance 1
a: Renounce Religion


You were on level 3 of the Dungeon.
You worshipped Wu Jian.
Wu Jian was aware of your devotion.
You visited 1 branch of the dungeon, and saw 4 of its levels.

You collected 120 gold pieces.

Inventory:

Hand Weapons
 a - a +1 hand crossbow
 b - a +0 short sword (weapon)
Missiles
 d - 14 bolts
 e - 146 stones (quivered)
 l - 2 throwing nets
 s - 26 sling bullets
Armour
 c - a +1 leather armour (worn)
Jewellery
 f - a ring of magical power (left hand)
 k - a +4 ring of evasion (right hand)
 o - a ring of flight
Scrolls
 n - 3 scrolls of identify


   Skills:
 + Level 2.8 Fighting
 + Level 2.3 Short Blades
 + Level 5.6 Crossbows
 + Level 0.7 Throwing
 + Level 2.0 Armour
 + Level 2.5 Dodging
 + Level 2.1 Stealth


You had 5 spell levels left.
You didn't know any spells.
Your spell library was empty.

Dungeon Overview and Level Annotations

Branches:
Dungeon (4/15)
 Temple: D:4-7

Altars:
Ashenzari
Fedhas
Okawaru
Uskayaw
Wu Jian
Xom
Zin
The Shining One

Annotations:
D:3 2 transporters, chipmonk's ghost, amateur GnVM
D:4 Edmund


Innate Abilities, Weirdness & Mutations

You are small and have problems with some larger weapons.
You are somewhat resistant to further mutation.


Message History

The worker ant poisons you! The worker ant bites you.
You are lethally poisoned!
The worker ant poisons you!
Blink to where?
Press: ? - help, Dir - move target, p - worker ant
As you read the scroll of blinking, it crumbles to dust.
You feel sick.
It was a potion of flight.
You feel very buoyant.
You fly up into the air.
You feel sick.
It was a potion of magic.
Magic courses through your body.
You feel sick.
As you read the scroll labelled IREANEDYAR, it crumbles to dust.
It is a scroll of enchant armour.
Your +0 leather armour glows green for a moment.
* * * LOW HITPOINT WARNING * * *
You feel sick.
As you read the scroll labelled HAMMIL VOLUIMN, it crumbles to dust.
It is a scroll of amnesia.
You feel forgetful for a moment.
* * * LOW HITPOINT WARNING * * *
You feel sick.
* * * LOW HITPOINT WARNING * * *
You feel sick.
* * * LOW HITPOINT WARNING * * *
You feel sick.
* * * LOW HITPOINT WARNING * * *
You feel sick.
* * * LOW HITPOINT WARNING * * *
You feel sick.
* * * LOW HITPOINT WARNING * * *
You feel sick.
* * * LOW HITPOINT WARNING * * *
You feel sick.
* * * LOW HITPOINT WARNING * * *
You feel sick.
* * * LOW HITPOINT WARNING * * *
You feel sick.
* * * LOW HITPOINT WARNING * * *
You feel sick.
You die...

###...########..#.
#...#......# ###.#
#.#...####.# #.#
#.#...## #.# #.#
##......# #.# #.#
#.......###.## #.#
#.B.....##.#.## #..
#..#......###.#####
#.@###...## ##.....
#..# #.<..###.#####
#..###.....#.......
#...........#######
#.###.#.#####
#..##.#.# ##.##.#.#
##.##.#.#
##...#.#.######


You could see a worker ant.

Vanquished Creatures
  A bullfrog skeleton (D:4)
  2 hounds
  An orc wizard (D:3)
  A worker ant (D:3)
  An adder (D:2)
  2 oozes (D:2)
  A worm (D:3)
  A dart slug (D:1)
  3 leopard geckos
  7 orcs
  3 giant cockroaches (D:3)
  8 goblins
  5 hobgoblins
  A quokka (D:3)
  4 bats
  2 frilled lizards (D:1)
  5 kobolds
  5 rats
53 creatures vanquished.

Notes
Turn   | Place    | Note
-------+----------+-------------------------------------------
     0 | D:1      | Ankhboy the Halfling Hunter began the quest for the Orb.
     0 | D:1      | Reached XP level 1. HP: 14/14 MP: 1/1
   443 | D:1      | Reached XP level 2. HP: 19/19 MP: 2/2
   871 | D:2      | Reached XP level 3. HP: 21/24 MP: 3/3
   881 | D:2      | Reached skill level 5 in Crossbows
  1137 | D:2      | Found a faded altar of an unknown god.
  1142 | D:2      | Became a worshipper of the Wu Jian Council
  1142 | D:2      | Reached * piety under Wu Jian
  1240 | D:2      | Found a glowing golden altar of the Shining One.
  1293 | D:2      | Reached XP level 4. HP: 29/29 MP: 4/4
  1354 | D:2      | Found a blossoming altar of Fedhas.
  1360 | D:2      | Found a shimmering altar of Xom.
  1361 | D:2      | Found a glowing silver altar of Zin.
  1361 | D:2      | Found a hide-covered altar of Uskayaw.
  1361 | D:2      | Found an iron altar of Okawaru.
  1365 | D:2      | Found a broken altar of Ashenzari.
  2194 | D:3      | Reached skill level 1 in Armour
  2204 | D:3      | Found a transporter.
  2204 | D:3      | Noticed chipmonk's ghost (amateur GnVM)
  2257 | D:3      | Found a transporter.
  2475 | D:2      | Reached skill level 1 in Short Blades
  2607 | D:4      | Noticed Edmund
  2824 | D:4      | Reached XP level 5. HP: 22/34 MP: 5/5
  3218 | D:3      | Reached XP level 6. HP: 36/41 MP: 6/6
  3270 | D:3      | HP: 2/41 [poisoned by a worker ant]
  3273 | D:3      | Succumbed to a worker ant's poison

Illustrated notes

Levels and vault maps discovered:
D:1:      dpeg_arrival_rhombi, layout_loops_corners
D:2:      layout_rooms, overflow_temple_1_default, minitemple,
          chequers_ecumenical_altar_lobes, minmay_diced_spiral
D:3:      layout_loops_ring, gammafunk_ghost_arena
D:4:      layout_basic, wad_floor_pattern_1, fedhas_altar_3, uniq_edmund

Skill      XL: |  1  2  3  4  5 |
---------------+----------------+-----
Stealth        | 2 |  2.1
Fighting       | 2 |  2.8
Crossbows      | 5 |  5.6
Armour         | 1 2 |  2.0
Short Blades   | 1 2 |  2.3
Throwing       | |  0.7
Dodging        | |  2.5

Action                   |  1- 3 |  4- 6 || total
-------------------------+-------+-------++-------
Melee: Short sword       |    53 |   172 ||   225
 Fire: Hand crossbow     |    35 |    26 ||    61
Throw: Stone             |    12 |    14 ||    26
Invok: Lunge             |       |     5 ||     5
       Whirlwind         |       |     3 ||     3
  Use: Potion            |       |     8 ||     8
       Scroll            |       |     6 ||     6
Armor: Leather armour    |    10 |    19 ||    29
Dodge: Dodged            |    40 |   169 ||   209

Table legend: (Time is in decaauts)
 A = Elapsed time spent in this place.
 B = Non-inter-level travel time spent in this place.
 C = Inter-level travel time spent in this place.
 D = Time resting spent in this place.
 E = Time spent auto-exploring this place.
 F = Levels seen in this place.
 G = Mean time per level.
                   A        B        C        D        E       F      G
               +--------+--------+--------+--------+--------+-----+--------+
         Total |   3247 |   3074 |    173 |    523 |      0 |   4 |  811.8 |
       Dungeon |   3247 |   3074 |    173 |    523 |      0 |   4 |  811.8 |
               +--------+--------+--------+--------+--------+-----+--------+

Top non-repeatable levels by time:
     D:3: 1444 daAuts
     D:2: 850 daAuts
     D:1: 838 daAuts
     D:4: 113 daAuts
